[Event "Titled Tuesday Blitz August 1 Late 2023"]
[White "AndresDelgado77"]
[Black "Gasparyan, David"]
[BlackFideId "13311980"]
[WhiteElo "2381"]
[BlackElo "2509"]
[Result "0-1"]
[Round "6"]
[TimeControl "180+1"]
[Date "2023.08.01"]
[WhiteClock "0:00:00"]
[BlackClock "0:00:24"]
[Board "85"]

1. e4 c5 2. Nf3 d6 3. d4 cxd4 4. Qxd4 Nc6 5. Bb5 Bd7 6. Qd3 Nf6 7. Bg5 Rc8 8. Nc3 e6 9. Bf4 Nb4 10. Bxd7+ Qxd7 11. Qd2 Be7 12. a3 Nxe4 13. Nxe4 Nxc2+ 14. Ke2 Nxa1 15. Rxa1 Qa4 16. Nc3 Qc4+ 17. Ke1 O-O 18. Be3 Bf6 19. Nd4 a6 20. f4 e5 21. Nf5 exf4 22. Bd4 Qe6+ 23. Kf2 Qxf5 24. Bxf6 Qxf6 25. Nd5 Qg5 26. Kg1 Rfe8 27. g3 h6 28. Nxf4 Qc5+ 29. Kg2 Qc2 30. Rd1 g5 0-1


[Site "https://www.chess.com"]

[Event "Titled Tuesday Blitz August 1 Late 2023"]
[White "Haszon, David"]
[Black "Chabris, Christopher"]
[WhiteFideId "733610"]
[BlackFideId "2005263"]
[WhiteElo "2501"]
[BlackElo "2362"]
[Result "1-0"]
[Round "6"]
[TimeControl "180+1"]
[Date "2023.08.01"]
[WhiteClock "0:01:08"]
[BlackClock "0:00:04"]
[Board "86"]

1. d4 Nf6 2. Bf4 e6 3. e3 d5 4. Nf3 c5 5. Nbd2 Nc6 6. c3 Bd6 7. Bg3 O-O 8. Bd3 Qe7 9. Ne5 Qc7 10. Ndf3 Ne4 11. Qc2 f5 12. Nxc6 bxc6 13. Bxd6 Qxd6 14. Ne5 cxd4 15. exd4 c5 16. Bxe4 fxe4 17. O-O cxd4 18. cxd4 Ba6 19. Rfc1 Rac8 20. Qa4 Rxc1+ 21. Rxc1 Qb6 22. b3 h6 23. Rc6 Bb5 24. Rxb6 Bxa4 25. Rxe6 Bb5 26. h3 Rc8 27. a4 Bd3 28. Rd6 Rc3 29. Rxd5 Rxb3 30. Rd8+ Kh7 31. Rd7 a5 32. Rd5 Rb4 33. Rxa5 Rxd4 34. Ra7 Be2 35. a5 Rd1+ 36. Kh2 h5 37. Kg3 Kh6 38. h4 Rd5 39. Nf7+ Kg6 40. Ng5 Rd3+ 41. Kf4 Rd4 42. Rxg7+ Kf6 43. Rf7+ Kg6 44. Ke3 Bc4 45. Rc7 Rd3+ 46. Kxe4 Rc3 47. Kd4 Ra3 48. Rxc4 Rxa5 49. Rc6+ Kf5 50. Rc5+ Rxc5 51. Kxc5 Kg4 52. Kd4 Kxh4 53. Nf3+ Kg4 54. Ke3 h4 55. Nxh4 1-0


[Site "https://www.chess.com"]

[Event "Titled Tuesday Blitz August 1 Late 2023"]
[White "Papayan, Oleg"]
[Black "Bashylina, Luisa"]
[WhiteFideId "4193911"]
[BlackFideId "12983292"]
[WhiteElo "2499"]
[BlackElo "2313"]
[Result "1-0"]
[Round "6"]
[TimeControl "180+1"]
[Date "2023.08.01"]
[WhiteClock "0:01:24"]
[BlackClock "0:00:48"]
[Board "87"]

1. e4 c5 2. d4 cxd4 3. Qxd4 Nc6 4. Qd3 g6 5. Nc3 Bg7 6. Nf3 d6 7. Be2 Nf6 8. O-O O-O 9. Nd5 Be6 10. c3 Rc8 11. Bg5 Bxd5 12. exd5 Na5 13. Rac1 Nd7 14. Qe3 Re8 15. b4 Nc4 16. Qxa7 h6 17. Bh4 b6 18. Nd4 Ra8 19. Qb7 Rb8 20. Qa6 Ra8 21. Qxc4 Ne5 22. Qb3 1-0


[Site "https://www.chess.com"]

[Event "Titled Tuesday Blitz August 1 Late 2023"]
[White "Nanu, Costica-Ciprian"]
[Black "Ai, Evan"]
[WhiteFideId "1204580"]
[BlackFideId "2094770"]
[WhiteElo "2496"]
[BlackElo "2327"]
[Result "1-0"]
[Round "6"]
[TimeControl "180+1"]
[Date "2023.08.01"]
[WhiteClock "0:00:22"]
[BlackClock "0:00:25"]
[Board "88"]

1. Nf3 Nf6 2. c4 e6 3. e3 d5 4. Nc3 dxc4 5. Bxc4 b6 6. O-O Bb7 7. d4 Nbd7 8. Qe2 Be7 9. e4 O-O 10. e5 Ne8 11. Rd1 Qc8 12. Bf4 c5 13. d5 exd5 14. Nxd5 Bd8 15. e6 fxe6 16. Qxe6+ Kh8 17. Bg3 Ndf6 18. Qe3 Nxd5 19. Bxd5 Bxd5 20. Rxd5 Nf6 21. Rd6 Re8 22. Qd3 Be7 23. Ne5 Bxd6 24. Nf7+ Kg8 25. Nxd6 Qd7 26. Qc4+ Qe6 27. Qc3 Ne4 28. Nxe4 Qxe4 29. h3 Rad8 30. Kh2 Kh8 31. Rc1 Rd3 32. Qc2 Qe2 33. Qc4 h6 34. Qf7 Qe7 35. Qf5 Rd4 36. Rc3 Qe6 37. Qh5 Qxa2 38. Qxe8+ Kh7 39. Be5 Re4 40. Rg3 Qg8 41. Qe7 1-0


[Site "https://www.chess.com"]

[Event "Titled Tuesday Blitz August 1 Late 2023"]
[White "Przybylski, Wojciech"]
[Black "Sanhueza, Cristian"]
[WhiteFideId "1117599"]
[BlackFideId "116815"]
[WhiteElo "2628"]
[BlackElo "2485"]
[Result "1-0"]
[Round "6"]
[TimeControl "180+1"]
[Date "2023.08.01"]
[WhiteClock "0:01:44"]
[BlackClock "0:00:01"]
[Board "89"]

1. e4 c5 2. Nf3 d6 3. d4 cxd4 4. Nxd4 Nf6 5. Nc3 a6 6. Bg5 e6 7. f4 h6 8. Bh4 Nbd7 9. Qe2 e5 10. Nf5 exf4 11. O-O-O g5 12. Bf2 Ne5 13. h4 Bxf5 14. exf5 Nd7 15. hxg5 Qxg5 16. Kb1 Qxf5 17. Nd5 O-O-O 18. Qd2 Kb8 19. Qd4 Nc5 20. b4 Ncd7 21. Qa7+ Kc8 22. Bxa6 1-0


[Site "https://www.chess.com"]

[Event "Titled Tuesday Blitz August 1 Late 2023"]
[White "Papasimakopoulos, Alexandros"]
[Black "Penagalapati, Abhinav"]
[WhiteFideId "4244125"]
[BlackFideId "30938210"]
[WhiteElo "2677"]
[BlackElo "2180"]
[Result "1-0"]
[Round "6"]
[TimeControl "180+1"]
[Date "2023.08.01"]
[WhiteClock "0:00:21"]
[BlackClock "0:00:04"]
[Board "90"]

1. e4 Nf6 2. e5 Nd5 3. c4 Nb6 4. c5 Nd5 5. Nc3 Nxc3 6. dxc3 d6 7. cxd6 exd6 8. Nf3 Nc6 9. Bf4 Bg4 10. exd6 Bxd6 11. Bxd6 Qxd6 12. Qxd6 cxd6 13. Be2 O-O-O 14. Kd2 Rhe8 15. Rhe1 Kc7 16. h3 Bf5 17. a4 Re6 18. Ng5 Re5 19. f4 Rd5+ 20. Kc1 Re8 21. Nf3 Be4 22. Bc4 Rf5 23. g3 d5 24. Bb5 Rh5 25. h4 Rh6 26. Ng5 Re7 27. Kd2 Na5 28. Ra3 f5 29. b4 Nc6 30. a5 Rd6 31. Bxc6 Rxc6 32. Nf3 Kd6 33. Nd4 Rc4 34. Nb5+ Ke6 35. Nxa7 d4 36. Nb5 dxc3+ 37. Rxc3 Rxb4 38. Rc5 Ra4 39. Nc3 Rd4+ 40. Kc1 Kf7 41. Nxe4 fxe4 42. Re3 g6 43. h5 Ra4 44. hxg6+ hxg6 45. Kb2 Rd4 46. Kc3 Rd1 47. Rc4 Rc1+ 48. Kb3 Rb1+ 49. Kc2 Ra1 50. Rcxe4 Rxe4 51. Rxe4 Rxa5 52. Rb4 Rc5+ 53. Kd3 Rc7 54. Ke4 Re7+ 55. Kf3 Kf6 56. Kg4 Rc7 57. Rb6+ Kf7 58. Kg5 Rc5+ 59. Kh4 Rc7 60. g4 Kg7 61. Kg5 Rc5+ 62. f5 gxf5 63. gxf5 Rc7 64. Rg6+ Kf7 65. Rh6 Kg7 66. f6+ Kf8 67. Kg6 Kg8 68. Rh1 b5 69. Ra1 Rc8 70. Ra7 b4 71. Rg7+ Kh8 72. Rh7+ Kg8 73. f7+ Kf8 74. Rh8+ Ke7 75. Rxc8 1-0


[Site "https://www.chess.com"]

[Event "Titled Tuesday Blitz August 1 Late 2023"]
[White "Stachanczyk, Jacek"]
[Black "Manukyan, Sargis V."]
[WhiteFideId "1116657"]
[BlackFideId "13303465"]
[WhiteElo "2401"]
[BlackElo "2585"]
[Result "0-1"]
[Round "6"]
[TimeControl "180+1"]
[Date "2023.08.01"]
[WhiteClock "0:00:19"]
[BlackClock "0:00:48"]
[Board "91"]

1. e4 e6 2. d4 d5 3. Nd2 Nc6 4. exd5 exd5 5. c3 Bd6 6. Bd3 Nge7 7. Ndf3 Bf5 8. Ne2 Qd7 9. Ng3 Bg6 10. O-O O-O-O 11. Bb5 a6 12. Ba4 h5 13. Ne5 Bxe5 14. dxe5 h4 15. Ne2 h3 16. g3 Qg4 17. f3 Qe6 18. f4 Be4 19. Nd4 Nxd4 20. cxd4 Nf5 21. Re1 Nxg3 22. Be3 Qg6 23. Kf2 Nf5 24. Rg1 Qh6 25. Qg4 g6 26. Rac1 Kb8 27. Bc2 Qf8 28. a3 Rh4 29. Qg5 Qe8 30. b4 Rc8 31. Bb3 Qb5 32. Rgd1 Rch8 33. Rc5 Qd7 34. Rdc1 c6 35. a4 R8h5 36. Qf6 Rg4 37. b5 Rg2+ 38. Kf1 Nxe3+ 0-1


[Site "https://www.chess.com"]

[Event "Titled Tuesday Blitz August 1 Late 2023"]
[White "Eggleston, Thomas A"]
[Black "Karamsetty, Jeevan"]
[WhiteFideId "412139"]
[BlackFideId "2025337"]
[WhiteElo "2383"]
[BlackElo "2549"]
[Result "0-1"]
[Round "6"]
[TimeControl "180+1"]
[Date "2023.08.01"]
[WhiteClock "0:00:00"]
[BlackClock "0:00:55"]
[Board "92"]

1. e4 d6 2. d4 Nf6 3. Nc3 e5 4. Nf3 Nbd7 5. Bc4 Be7 6. O-O O-O 7. Re1 a6 8. a4 b6 9. Nd5 Bb7 10. dxe5 dxe5 11. Nxe7+ Qxe7 12. Nh4 Nxe4 13. Nf5 Qc5 14. Nh6+ gxh6 15. Rxe4 Bxe4 16. Qxd7 Qxc4 17. Qg4+ Kh8 18. Qh4 Qc6 19. Bxh6 Rg8 20. Bg5 Rg6 21. f3 Bxf3 22. Rf1 Rag8 0-1


[Site "https://www.chess.com"]

[Event "Titled Tuesday Blitz August 1 Late 2023"]
[White "Graif, William"]
[Black "Shapiro, Daniel"]
[WhiteFideId "2609835"]
[BlackFideId "2001780"]
[WhiteElo "2542"]
[BlackElo "2381"]
[Result "1-0"]
[Round "6"]
[TimeControl "180+1"]
[Date "2023.08.01"]
[WhiteClock "0:00:10"]
[BlackClock "0:00:14"]
[Board "93"]

1. e4 c5 2. Nc3 a6 3. g3 b5 4. Bg2 Bb7 5. d3 e6 6. Nh3 b4 7. Ne2 d5 8. O-O Nf6 9. e5 Nfd7 10. f4 Be7 11. f5 Nxe5 12. fxe6 O-O 13. d4 Nc4 14. exf7+ Rxf7 15. Rxf7 Kxf7 16. Nef4 cxd4 17. Qh5+ Kg8 18. Ne6 Qc8 19. Nhg5 Bxg5 20. Nxg5 h6 21. Bh3 Qf8 22. Be6+ Kh8 23. Nf7+ Kh7 24. Bxh6 gxh6 25. Rf1 Nc6 26. Ng5+ Kg7 27. Rf7+ Kh8 28. Rh7# 1-0


[Site "https://www.chess.com"]

[Event "Titled Tuesday Blitz August 1 Late 2023"]
[White "Grinev, Valeriy"]
[Black "Bueno, Alfeu Junior Varela"]
[WhiteFideId "14117517"]
[BlackFideId "2108879"]
[WhiteElo "2530"]
[BlackElo "2376"]
[Result "0-1"]
[Round "6"]
[TimeControl "180+1"]
[Date "2023.08.01"]
[WhiteClock "0:00:21"]
[BlackClock "0:00:09"]
[Board "94"]

1. Nf3 e6 2. c4 f5 3. Nc3 b6 4. d4 Bb7 5. g3 Nf6 6. Bg2 Bb4 7. O-O Bxc3 8. bxc3 Be4 9. Ba3 d6 10. c5 bxc5 11. dxc5 d5 12. c4 dxc4 13. Qa4+ Qd7 14. Qxc4 Nc6 15. Rfd1 Bd5 16. Qh4 O-O 17. Bb2 Rab8 18. Bc3 Qe7 19. Ne5 Bxg2 20. Kxg2 Qxc5 21. Bd4 Qd5+ 22. Nf3 Nxd4 23. Rxd4 Qb5 24. Rd2 Ne4 25. Rc2 Qb6 26. e3 c5 27. Rd1 Qc6 28. Ne5 Qc7 29. Nd7 Rbd8 30. Nxf8 Rxd1 31. Nxe6 Qc6 32. Qe7 Ng5+ 33. e4 Qxe4+ 34. f3 Qxf3# 0-1


[Site "https://www.chess.com"]

[Event "Titled Tuesday Blitz August 1 Late 2023"]
[White "Fiorito, Francisco"]
[Black "Pein, Jonathan"]
[WhiteFideId "180165"]
[BlackFideId "417092"]
[WhiteElo "2526"]
[BlackElo "2401"]
[Result "0-1"]
[Round "6"]
[TimeControl "180+1"]
[Date "2023.08.01"]
[WhiteClock "0:00:00"]
[BlackClock "0:00:03"]
[Board "95"]

1. a3 a5 2. Nf3 Nf6 3. b3 d5 4. Bb2 Bf5 5. e3 e6 6. h3 h6 7. c4 c6 8. Nc3 Na6 9. d4 Be7 10. Be2 O-O 11. O-O Nc7 12. c5 Re8 13. b4 axb4 14. axb4 Bf8 15. b5 cxb5 16. Nxb5 Ne4 17. Rxa8 Nxa8 18. Ne5 f6 19. Nd3 Nc7 20. Nxc7 Qxc7 21. Nf4 b6 22. Bh5 Rb8 23. cxb6 Qxb6 24. Ba1 Bd6 25. Ne2 Qb3 26. Bg4 Bxg4 27. hxg4 Kf7 28. Qc1 Ra8 29. Qc6 Ra2 30. Qd7+ Kg6 31. Nc1 Qa4 32. Qxa4 Rxa4 33. Nd3 Ra3 34. Nc1 Bb4 35. Bb2 Ra8 36. Nd3 Bd6 37. f3 Nd2 38. Rd1 Nc4 39. Bc1 Ra1 40. Kf2 Ra2+ 41. Kf1 Ra1 42. Ke2 Ra2+ 43. Bd2 e5 44. dxe5 fxe5 45. e4 dxe4 46. fxe4 Be7 47. Nc1 Rc2 48. Nb3 Bg5 49. Kd3 Na3 50. Bxg5 Kxg5 51. Ra1 Rxg2 52. Rxa3 Kxg4 53. Ra7 Kh3 0-1


[Site "https://www.chess.com"]

[Event "Titled Tuesday Blitz August 1 Late 2023"]
[White "Bach, Matthias"]
[Black "Zhang, Derek"]
[WhiteFideId "4603168"]
[BlackFideId "2087871"]
[WhiteElo "2367"]
[BlackElo "2518"]
[Result "1-0"]
[Round "6"]
[TimeControl "180+1"]
[Date "2023.08.01"]
[WhiteClock "0:00:38"]
[BlackClock "0:00:00"]
[Board "96"]

1. d4 d6 2. f4 e5 3. dxe5 Nc6 4. Nf3 Bg4 5. Nc3 Nh6 6. e3 dxe5 7. Qxd8+ Rxd8 8. Bb5 exf4 9. Ne5 Bb4 10. Nxc6 Bxc3+ 11. Kf2 fxe3+ 12. Bxe3 Rd5 13. Nxa7+ c6 14. bxc3 cxb5 15. h3 Bf5 16. g4 Bxc2 17. Bxh6 gxh6 18. Rhe1+ Kd7 19. Re2 Bd3 20. Rd1 Ra8 21. Nxb5 Bxe2 22. Rxd5+ Kc6 23. Kxe2 Rxa2+ 24. Rd2 Rxd2+ 25. Kxd2 Kxb5 26. Kd3 Kc5 27. c4 f6 28. Kc3 1-0


[Site "https://www.chess.com"]

[Event "Titled Tuesday Blitz August 1 Late 2023"]
[White "Altman, Joshua"]
[Black "Mushini Ajay"]
[WhiteFideId "426210"]
[BlackFideId "35066188"]
[WhiteElo "2513"]
[BlackElo "2357"]
[Result "0-1"]
[Round "6"]
[TimeControl "180+1"]
[Date "2023.08.01"]
[WhiteClock "0:00:00"]
[BlackClock "0:00:13"]
[Board "97"]

1. Nf3 c5 2. g3 d5 3. Bg2 Nc6 4. O-O Nf6 5. d3 e5 6. Nbd2 Be7 7. e4 d4 8. Ne1 g5 9. Nc4 Rg8 10. a4 h5 11. Nf3 Bg4 12. h3 Bxf3 13. Qxf3 Qd7 14. Qf5 O-O-O 15. Bd2 Qxf5 16. exf5 Nd5 17. Rfe1 f6 18. Be4 Kc7 19. g4 hxg4 20. hxg4 Nf4 21. Bxf4 gxf4 22. f3 Nb4 23. Rac1 b6 24. Kg2 a6 25. a5 b5 26. Nb6 Rh8 27. Red1 Rdg8 28. c3 dxc3 29. bxc3 Nc6 30. Nd5+ Kd6 31. Rh1 Bd8 32. Rxh8 Rxh8 33. g5 fxg5 34. f6 Rf8 35. Rh1 b4 36. cxb4 cxb4 37. Rh6 Kc5 38. f7 Nd4 39. Rxa6 Rxf7 40. Ra8 Rd7 41. Rc8+ Kb5 0-1


[Site "https://www.chess.com"]

[Event "Titled Tuesday Blitz August 1 Late 2023"]
[White "Kanyamarala, Trisha"]
[Black "Ortega Amarelle, Mariano"]
[WhiteFideId "45004722"]
[BlackFideId "3504301"]
[WhiteElo "2372"]
[BlackElo "2513"]
[Result "0-1"]
[Round "6"]
[TimeControl "180+1"]
[Date "2023.08.01"]
[WhiteClock "0:00:43"]
[BlackClock "0:00:17"]
[Board "98"]

1. Nf3 c5 2. c4 Nc6 3. Nc3 g6 4. g3 Bg7 5. Bg2 e5 6. O-O Nge7 7. d3 O-O 8. a3 d6 9. Rb1 h6 10. b4 Rb8 11. Ne1 Be6 12. Nc2 Qd7 13. Re1 Kh8 14. Ne3 f5 15. Ned5 g5 16. Nxe7 Nxe7 17. Nd5 f4 18. Nxe7 Qxe7 19. bxc5 dxc5 20. a4 Qf7 21. Ba3 b6 22. Rf1 g4 23. Be4 Qh5 24. a5 f3 25. h4 Bf6 26. exf3 Bxh4 27. Kg2 gxf3+ 28. Bxf3 Rxf3 29. Rh1 Rbf8 30. Rxh4 Rxf2+ 31. Kg1 Qg5 32. Kh1 Bc8 33. Qc1 Bb7+ 34. Kg1 Qxg3# 0-1


[Site "https://www.chess.com"]

[Event "Titled Tuesday Blitz August 1 Late 2023"]
[White "Slavin, Alexey"]
[Black "Sreyas Payyappat"]
[WhiteFideId "24104388"]
[BlackFideId "46674969"]
[WhiteElo "2356"]
[BlackElo "2507"]
[Result "0-1"]
[Round "6"]
[TimeControl "180+1"]
[Date "2023.08.01"]
[WhiteClock "0:00:00"]
[BlackClock "0:00:24"]
[Board "99"]

1. e4 c6 2. d4 d5 3. e5 Bf5 4. Nf3 e6 5. Be2 Ne7 6. O-O Ng6 7. c3 Nd7 8. a3 f6 9. exf6 gxf6 10. Re1 Qc7 11. b4 O-O-O 12. Nbd2 Bd6 13. Nb3 Rhg8 14. Nc5 Nxc5 15. bxc5 Bf4 16. Bd3 Bxc1 17. Bxf5 exf5 18. Rxc1 Rg7 19. Kh1 Rdg8 20. Qd2 h5 21. h3 h4 22. Rg1 Nf4 23. Nxh4 Rh7 24. g3 Nxh3 25. Rg2 f4 26. Re1 Rgh8 27. Kh2 Nxf2 28. Qxf2 fxg3+ 29. Qxg3 Rxh4+ 30. Kg1 Rh1+ 31. Kf2 Qxg3+ 32. Rxg3 R8h2+ 0-1


[Site "https://www.chess.com"]

[Event "Titled Tuesday Blitz August 1 Late 2023"]
[White "Kujawski, Adam"]
[Black "Sivakumar, Shaaketh"]
[WhiteFideId "1100920"]
[BlackFideId "30940176"]
[WhiteElo "2353"]
[BlackElo "2487"]
[Result "0-1"]
[Round "6"]
[TimeControl "180+1"]
[Date "2023.08.01"]
[WhiteClock "0:00:00"]
[BlackClock "0:00:41"]
[Board "100"]

1. e4 e6 2. d4 f6 3. c4 Kf7 4. Nc3 Ne7 5. f4 c6 6. Nf3 d5 7. f5 exf5 8. exd5 cxd5 9. cxd5 Nxd5 10. Qb3 Be6 11. Bc4 Qe7 12. O-O Nxc3 13. bxc3 Bxc4 14. Qxc4+ Qe6 15. d5 Qb6+ 16. Kh1 Bd6 17. Bf4 Nd7 18. Rab1 Qc5 19. Qxc5 Bxc5 20. Rxb7 Rhd8 21. Re1 Kg6 22. Nd4 Bxd4 23. cxd4 Re8 24. Rxe8 Rxe8 25. h4 Nb6 26. Rxa7 Nxd5 27. Bd6 h5 28. a4 Re4 29. Bc5 Ne3 30. Bf8 Rxh4+ 31. Kg1 f4 32. Rxg7+ Kf5 33. g3 fxg3 34. Rxg3 Nd5 35. Bd6 Rxd4 36. Ra3 Nb6 37. Bc5 Rd1+ 38. Kf2 Nc4 39. Ra2 Ne5 40. Be3 Rh1 41. Kg2 Re1 42. Bf2 Rb1 43. a5 Rb8 44. a6 Ra8 45. a7 Ke4 46. Ra5 Nc6 47. Ra6 Kd5 48. Bg3 Nxa7 49. Bf2 Rg8+ 50. Kf1 Nc6 51. Ra4 Ke6 52. Rh4 Rg5 53. Be3 Rf5+ 54. Ke2 Ne5 55. Bd4 Ng4 56. Kd3 Kd5 57. Bc3 Rf3+ 58. Kc2 Rf2+ 59. Kb3 Rh2 0-1


[Site "https://www.chess.com"]

[Event "Titled Tuesday Blitz August 1 Late 2023"]
[White "Kostiukov, Alexandr"]
[Black "Willy, Stephen"]
[WhiteFideId "14108100"]
[BlackFideId "30981468"]
[WhiteElo "2354"]
[BlackElo "2480"]
[Result "0-1"]
[Round "6"]
[TimeControl "180+1"]
[Date "2023.08.01"]
[WhiteClock "0:00:00"]
[BlackClock "0:00:17"]
[Board "101"]

1. g3 e5 2. Bg2 h5 3. h3 d5 4. c4 dxc4 5. Qa4+ Bd7 6. Qxc4 Bc6 7. Nf3 h4 8. Nxe5 Qf6 9. Nxc6 Nxc6 10. Bxc6+ bxc6 11. g4 Ne7 12. Nc3 O-O-O 13. d3 Nd5 14. Qa6+ Kb8 15. Be3 Nxe3 16. fxe3 Bc5 17. Ne4 Bb4+ 18. Kd1 Qxb2 19. Rc1 Rhe8 20. Qxc6 Ba5 21. Qc2 Qe5 22. Rb1+ Bb6 23. Kc1 Re6 24. Rb4 Qa5 25. Qb3 Ka8 26. Kb1 Bxe3 27. Rf1 Rb6 28. a3 Rdb8 0-1


[Site "https://www.chess.com"]

[Event "Titled Tuesday Blitz August 1 Late 2023"]
[White "ArchibaldCerveza29"]
[Black "Topalov, Aleksandar"]
[BlackFideId "925659"]
[WhiteElo "2476"]
[BlackElo "2346"]
[Result "0-1"]
[Round "6"]
[TimeControl "180+1"]
[Date "2023.08.01"]
[WhiteClock "0:00:16"]
[BlackClock "0:00:09"]
[Board "102"]

1. e4 e6 2. d4 d5 3. Nd2 Nf6 4. Bd3 b6 5. Qe2 Be7 6. Ngf3 dxe4 7. Nxe4 Bb7 8. O-O O-O 9. c3 Nbd7 10. Re1 c5 11. Bf4 cxd4 12. cxd4 Nxe4 13. Bxe4 Bxe4 14. Qxe4 Nf6 15. Qe2 Rc8 16. Rad1 Qd5 17. a3 Qf5 18. Bg3 Rc2 19. Rd2 Rxd2 20. Qxd2 Rc8 21. Ne5 Rc2 22. Qe3 Nd5 23. Qb3 h6 24. Qa4 Bd6 25. Qe8+ Kh7 26. h3 Bxe5 27. Rxe5 Rc1+ 28. Kh2 Qb1 29. Bh4 Rh1+ 30. Kg3 Qg6+ 31. Kf3 Qd3+ 32. Re3 Nxe3 33. fxe3 Qf5+ 34. Kg3 Re1 35. Qa8 g5 36. Kh2 gxh4 37. Qb7 Rxe3 38. g3 Re2+ 39. Kg1 Qf2+ 40. Kh1 Qh2# 0-1


[Site "https://www.chess.com"]

[Event "Titled Tuesday Blitz August 1 Late 2023"]
[White "Zilleruelo Irizarry, Diego"]
[Black "Toncheva, Nadya"]
[WhiteFideId "3101460"]
[BlackFideId "2924056"]
[WhiteElo "2332"]
[BlackElo "2469"]
[Result "0-1"]
[Round "6"]
[TimeControl "180+1"]
[Date "2023.08.01"]
[WhiteClock "0:00:48"]
[BlackClock "0:00:44"]
[Board "104"]

1. e4 c5 2. Nf3 Nc6 3. Bb5 e6 4. Bxc6 bxc6 5. O-O Ne7 6. Re1 d6 7. c3 e5 8. d4 cxd4 9. cxd4 f6 10. Nc3 Ng6 11. dxe5 fxe5 12. Be3 Be7 13. Qb3 Bg4 14. Nd2 Rb8 15. Qc4 Qc8 16. Bxa7 Rxb2 17. Nb3 Be6 18. Qa4 O-O 19. Be3 Nf4 20. Bxf4 Rxf4 21. f3 h5 22. Rec1 Qd7 23. Qa3 Rxb3 24. axb3 d5 25. Qa7 Qxa7+ 26. Rxa7 Bc5+ 27. Kf1 Bxa7 28. Ne2 Rf7 29. Rxc6 Bd7 30. Rc7 Bb5 31. Rxf7 Kxf7 32. exd5 Ke7 33. Ke1 Bxe2 34. Kxe2 Kd6 35. h4 Kxd5 36. g4 g6 37. gxh5 gxh5 38. Kd3 Bf2 39. b4 Bxh4 40. Ke3 Bg5+ 41. Kf2 Bf4 42. Kg2 Kc4 43. Kh3 Kxb4 44. Kh4 Kc4 45. Kxh5 Kd3 46. Kh4 Ke2 47. Kg4 Kf2 0-1


[Site "https://www.chess.com"]

[Event "Titled Tuesday Blitz August 1 Late 2023"]
[White "Liu, Casper"]
[Black "Garcia-Castany Musellas, Gal.la"]
[WhiteFideId "1454153"]
[BlackFideId "2241803"]
[WhiteElo "2467"]
[BlackElo "2337"]
[Result "1-0"]
[Round "6"]
[TimeControl "180+1"]
[Date "2023.08.01"]
[WhiteClock "0:01:02"]
[BlackClock "0:00:00"]
[Board "105"]

1. e4 c6 2. h3 d5 3. d3 dxe4 4. dxe4 Qxd1+ 5. Kxd1 Nf6 6. Bd3 Nbd7 7. Be3 e5 8. Nd2 Bc5 9. Ke2 Bxe3 10. Kxe3 O-O 11. Ngf3 Ne8 12. b4 Nd6 13. Nc4 Nxc4+ 14. Bxc4 h6 15. a4 Re8 16. a5 Nf8 17. Rhd1 Be6 18. Nxe5 Bxc4 19. Nxc4 Re7 20. Nd6 Rd8 21. Rd3 Ne6 22. h4 g6 23. Rad1 Rf8 24. f3 Ng7 25. g4 h5 26. g5 Rd8 27. f4 Rxd6 28. Rxd6 Nf5+ 29. Kf3 Nxd6 30. Rxd6 Kg7 31. e5 Rc7 32. c4 b6 33. a6 Kf8 34. Ke4 Ke7 35. f5 gxf5+ 36. Kxf5 c5 37. b5 Rc8 38. Rd2 Rg8 39. Rd6 Rc8 40. Rh6 Rd8 41. Rxh5 Rd4 42. Rh7 Rxc4 43. g6 Rc1 44. Rxf7+ Ke8 45. Ke6 Rg1 46. h5 1-0


[Site "https://www.chess.com"]

[Event "Titled Tuesday Blitz August 1 Late 2023"]
[White "Vasques, Antonio Pedro Freixial"]
[Black "Gundam, Rohit"]
[WhiteFideId "1908332"]
[BlackFideId "75002809"]
[WhiteElo "2322"]
[BlackElo "2465"]
[Result "1-0"]
[Round "6"]
[TimeControl "180+1"]
[Date "2023.08.01"]
[WhiteClock "0:00:51"]
[BlackClock "0:00:00"]
[Board "106"]

1. d4 Nf6 2. Bg5 e6 3. e4 h6 4. Bxf6 Qxf6 5. Nf3 c5 6. e5 Qd8 7. Bd3 Nc6 8. O-O cxd4 9. Nbd2 d6 10. Nc4 dxe5 11. Nfxe5 Nxe5 12. Nxe5 a6 13. Qf3 Qf6 14. Qe4 Bc5 15. f4 Qe7 16. Rae1 Qc7 17. a3 Bd7 18. b4 Ba7 19. Nxd7 Qxd7 20. f5 O-O-O 21. fxe6 fxe6 22. Qxe6 Rhe8 23. Qxd7+ Kxd7 24. Rf7+ Kc6 25. Re4 Bb8 26. a4 Bd6 27. b5+ axb5 28. Bxb5+ 1-0


[Site "https://www.chess.com"]

[Event "Titled Tuesday Blitz August 1 Late 2023"]
[White "Manon-og, Ramon Jr."]
[Black "Salazar Farias, Luis German"]
[WhiteFideId "5200776"]
[BlackFideId "3902170"]
[WhiteElo "2319"]
[BlackElo "2464"]
[Result "0-1"]
[Round "6"]
[TimeControl "180+1"]
[Date "2023.08.01"]
[WhiteClock "0:02:13"]
[BlackClock "0:00:33"]
[Board "107"]

1. e4 c6 2. d4 d5 3. e5 c5 4. dxc5 e6 5. a3 Bxc5 6. Qg4 Ne7 7. Qxg7 Ng6 8. b4 Bd4 9. c3 Bxe5 10. Qh6 Qf6 11. Bg5 Bxc3+ 12. Kd1 Qd4+ 13. Kc1 Bxa1 14. Nd2 Bb2+ 15. Kd1 Bxa3 16. Nf3 Qa1+ 17. Ke2 Bxb4 18. h4 Bd7 19. h5 Bb5+ 20. Ke3 Qc3+ 21. Bd3 Qxd3# 0-1


[Site "https://www.chess.com"]

[Event "Titled Tuesday Blitz August 1 Late 2023"]
[White "Lopez Gracia, Fernando"]
[Black "Gaal, Zsoka"]
[WhiteFideId "2207184"]
[BlackFideId "777765"]
[WhiteElo "2316"]
[BlackElo "2461"]
[Result "1-0"]
[Round "6"]
[TimeControl "180+1"]
[Date "2023.08.01"]
[WhiteClock "0:00:28"]
[BlackClock "0:00:06"]
[Board "108"]

1. e4 e5 2. Nf3 d6 3. d4 exd4 4. Nxd4 Nf6 5. Nc3 g6 6. Be2 Bg7 7. Be3 Nc6 8. O-O O-O 9. h3 Nd7 10. f4 Nxd4 11. Bxd4 Nc5 12. Bf3 Ne6 13. Bxg7 Nxg7 14. Qd2 f5 15. Rae1 c6 16. Rd1 Ne6 17. exf5 Rxf5 18. Bg4 Rf8 19. Bxe6+ Bxe6 20. Qxd6 Qxd6 21. Rxd6 Bc4 22. Rf2 Rae8 23. b3 Re3 24. Nd1 Re1+ 25. Kh2 Bd5 26. Nc3 Bf7 27. Rd7 Re3 28. Nd1 Re1 29. Nb2 b5 30. Nd3 Ra1 31. Rxa7 Rd8 32. f5 Bxb3 33. fxg6 hxg6 34. Ne5 Rxa2 35. Rxa2 Bxa2 36. Nxc6 Rc8 37. Ne7+ 1-0


[Site "https://www.chess.com"]

[Event "Titled Tuesday Blitz August 1 Late 2023"]
[White "Cupid, Kevin"]
[Black "Garcia de Dios, Jose Antonio"]
[WhiteFideId "7700512"]
[BlackFideId "5128919"]
[WhiteElo "2314"]
[BlackElo "2457"]
[Result "0-1"]
[Round "6"]
[TimeControl "180+1"]
[Date "2023.08.01"]
[WhiteClock "0:00:00"]
[BlackClock "0:01:34"]
[Board "109"]

1. d4 Nf6 2. Nf3 g6 3. Bg5 Bg7 4. e3 c5 5. c3 O-O 6. Nbd2 d6 7. Be2 Nc6 8. O-O Rb8 9. a4 a6 10. e4 b5 11. d5 Na5 12. b4 cxb4 13. cxb4 Nc4 14. axb5 axb5 15. Ra7 h6 16. Nxc4 bxc4 17. Bxf6 Bxf6 18. Qd2 Qb6 19. Ra2 Qxb4 20. Qxh6 Bg7 21. Qh4 Re8 22. Ra7 Qb2 23. Bxc4 Rb7 24. Ra8 Bd7 25. Rxe8+ Bxe8 26. Bd3 Rb3 27. Bb1 Qxb1 28. Ng5 Bb5 29. Qh7+ Kf8 0-1


[Site "https://www.chess.com"]